 Dungeon Crawl Stone Soup version 0.26-a0-474-gfaca0e1de5 (webtiles) character file.

Game seed: 5187959894328786796

8659 DeltaSign the Cleaver (level 11, -19/99 HPs)
             Began as a Minotaur Berserker on July 31, 2020.
             Was a High Priest of Trog.
             Demolished by a reaper
             ... wielding a +3 scythe of pain
              (24 damage)
             ... in a Gauntlet.
             The game lasted 00:24:40 (10060 turns).

DeltaSign the Cleaver (Minotaur Berserker)         Turns: 10060, Time: 00:24:41

Health: -19/99     AC: 14    Str: 21    XL:     11   Next: 12%
Magic:  0/10       EV: 13    Int:  5    God:    Trog [*****.]
Gold:   510        SH:  0    Dex: 16    Spells: 10/10 levels left

rFire    . . .     SeeInvis .   H - +3 battleaxe (flame)
rCold    . . .     Faith    .   (shield currently unavailable)
rNeg     . . .     Spirit   +   v - +0 chain mail
rPois    .         Reflect  .   (helmet restricted)
rElec    .         Harm     .   l - scarf {repulsion}
rCorr    .         NoTele   +   I - +0 pair of fencer's gloves {Riposte Dex+3}
MR       ++...                  D - +0 pair of boots
Stlth    ..........             p - amulet of guardian spirit
HPRegen  0.26/turn              d - ring of protection from magic
MPRegen  0.12/turn              y - ring of protection from magic

@: berserk cooldown, very slightly contaminated, slowed, invisible, repel
missiles, very slow
A: retaliatory headbutt, horns 2
a: Berserk, Trog's Hand, Brothers in Arms, Renounce Religion


You were in a Gauntlet.
You worshipped Trog.
Trog was extremely pleased with you.
You visited 1 branch of the dungeon, and saw 11 of its levels.
You also visited: Gauntlet.

You collected 510 gold pieces.

Inventory:

Hand Weapons
 H - a +3 battleaxe of flaming (weapon)
Armour
 l - a scarf of repulsion (worn)
 v - a +0 chain mail (worn)
 C - a +2 cloak of preservation
 D - a +0 pair of boots (worn)
 F - a +2 pair of gloves
 I - the +0 pair of fencer's gloves (worn) {Riposte Dex+3}
   (You found it on level 9 of the Dungeon)

   It affects your dexterity (+3).
Jewellery
 d - a ring of protection from magic (left hand)
 k - an uncursed amulet of regeneration
 p - an amulet of guardian spirit (around neck)
 y - a ring of protection from magic (right hand)
 A - an uncursed ring of ice
Wands
 n - a wand of flame (15)
 s - a wand of clouds (5)
 w - a wand of iceblast (25)
 J - a wand of digging (7)
Scrolls
 a - 2 scrolls of fear {unknown}
 b - 4 scrolls of remove curse
 g - a scroll of magic mapping
 h - 9 scrolls of teleportation
 i - 2 scrolls of blinking {unknown}
 j - 2 scrolls of immolation {unknown}
 o - 5 scrolls of enchant weapon
 u - a scroll of silence {unknown}
 z - 2 scrolls of vulnerability {unknown}
 B - a scroll of fog {unknown}
 E - a scroll of enchant armour {unknown}
Potions
 c - a potion of invisibility
 e - 8 potions of curing
 f - a potion of magic
 m - 5 potions of heal wounds {unknown}
 q - 4 potions of flight
 r - a potion of resistance {unknown}
 t - 3 potions of lignification {unknown}
 G - 3 potions of stabbing {unknown}


   Skills:
 + Level 10.0 Fighting
 * Level 13.2 Axes
 + Level 9.5 Armour
 + Level 8.9 Dodging


You had 10 spell levels left.
You didn't know any spells.
Your spell library was empty.

Dungeon Overview and Level Annotations

Branches:
Dungeon (11/15)            Temple (0/1) D:6            Lair (0/6) D:10
    Orc (0/2) D:9         Gauntlet (1/1)

Altars:
Ashenzari
Elyvilon
Makhleb
Ru
Trog
Xom
Zin
Beogh

Annotations:
Gauntlet 13 transporters, exclusion: obsidian statue


Innate Abilities, Weirdness & Mutations

You reflexively headbutt those who attack you in melee.
You have a pair of horns on your head.


Message History

You writhe in agony.
* * * LOW HITPOINT WARNING * * *
You fade into invisibility!
The reaper hits you with a +3 scythe of pain!
* * * LOW HITPOINT WARNING * * *
You writhe in agony.
* * * LOW HITPOINT WARNING * * *
You are very lightly contaminated with residual magic.
You hit the reaper. You burn the reaper.
The reaper is heavily wounded.
The reaper misses you. You furiously retaliate!
You headbutt the reaper, but do no damage.
You completely miss the reaper. You headbutt the reaper.
The reaper is heavily wounded.
The reaper misses you. You furiously retaliate!
You headbutt the reaper, but do no damage.
You closely miss the reaper.
The reaper is heavily wounded.
The reaper hits you with a +3 scythe of pain!!
You die...

.......≈∩§.......................
.................................
########.###########.###########.
#.©.#52#.##.?=©?#.##.#..![©)...#.
.#.#..##.#..#..#.#.#.#..##8##..#.
P.#.P#.#.##.####..##.#.##...##.#.
#P.P#..#.#....###.##.#.#.....#.#.
.#P#.P##.#####..##.#.#....©....#.
P.#..#.#.###..#2@).#.#.#.....#.#.
#P©P#..#.##.#..##.©#.#.##...##.#.
.#.#..2#.#.#..#.####.#..##.##..#.
..#...5#.#..#.##..##.#.........#.
#################################
..©#≈≈≈≈8≈§§≈#©...........©......
##########################.######
........©.........©#≈§8≈≈#.#.....
##########################.#.....


You could see a reaper.

Vanquished Creatures
  An ogre mage (D:9)
  Pikel (D:5)
  An ice devil (Gauntlet)
  A hellwing (Gauntlet)
  A merfolk (shapeshifter) (Gauntlet)
  A troll (D:9)
  Grinder (D:5)
  2 hippogriffs
  5 yaks
  A golden eye (shapeshifter) (Gauntlet)
  A steam dragon (D:10)
  A swamp worm (shapeshifter) (Gauntlet)
  Edmund (D:5)
  A hornet zombie (D:9)
  A porcupine (D:10)
  3 ice beasts
  3 sky beasts
  4 orc warriors
  3 black bears
  An eye of draining (D:9)
  7 ogres
  5 centaurs
  3 big kobolds
  8 bullfrogs
  5 killer bees (D:9)
  A howler monkey (D:9)
  A centaur zombie (D:7)
  A jelly (D:5)
  9 orc priests
  A centaur skeleton (D:4)
  3 hounds
  Crazy Yiuf (D:7)
  9 orc wizards
  A bullfrog skeleton (D:7)
  4 iguanas
  5 worker ants
  A killer bee zombie (D:6)
  2 hound zombies
  A hound skeleton (D:10)
  Robin (D:2)
  10 gnolls
  A howler monkey skeleton (D:9)
  10 adders
  A shadow imp (D:5)
  5 white imps
  3 ufetubi
  2 oozes (D:3)
  2 adder skeletons
  An adder zombie (D:5)
  3 worms
  4 dart slugs
  5 leopard geckos
  45 orcs
  3 ball pythons
  13 giant cockroaches
  17 goblins
  12 hobgoblins
  19 jackals
  18 kobolds
  2 quokkas
  8 bats
  9 frilled lizards
  A jackal zombie (D:6)
  7 rats
  2 fungi (D:10)
  3 plants (D:10)
309 creatures vanquished.

Vanquished Creatures (others)
  An orc (D:9)
  13 demonic plants (Gauntlet)
  7 fungi (D:10)
  12 withered plants (Gauntlet)
33 creatures vanquished.

Grand Total: 342 creatures vanquished

Notes
Turn   | Place    | Note
-------+----------+-------------------------------------------
     0 | D:1      | DeltaSign the Minotaur Berserker began the quest for the
                  | Orb.
     0 | D:1      | Reached XP level 1. HP: 19/19 MP: 0/0
   156 | D:1      | Reached skill level 4 in Axes
   156 | D:1      | Reached XP level 2. HP: 23/27 MP: 1/1
   442 | D:1      | Reached XP level 3. HP: 32/33 MP: 2/2
   737 | D:2      | Found a shattered altar of Ashenzari.
   800 | D:2      | Reached ** piety under Trog
  1150 | D:2      | Noticed Robin
  1153 | D:2      | Reached XP level 4. HP: 31/40 MP: 3/3
  1160 | D:2      | Killed Robin
  1533 | D:2      | You fall into a shaft and drop 1 floor!
  1546 | D:3      | Reached skill level 5 in Axes
  1569 | D:3      | Noticed an ogre
  1575 | D:3      | Killed an ogre
  1575 | D:3      | Reached XP level 5. HP: 47/47 MP: 4/4
  1880 | D:3      | Found a sacrificial altar of Ru.
  1937 | D:3      | Reached *** piety under Trog
  2662 | D:3      | Lost intelligence.
  2713 | D:4      | Reached XP level 6. HP: 55/55 MP: 5/5
  2759 | D:4      | Found a burning altar of Makhleb.
  2823 | D:4      | Reached skill level 5 in Fighting
  2823 | D:4      | Reached skill level 6 in Axes
  3267 | D:4      | Reached **** piety under Trog
  3267 | D:4      | Reached XP level 7. HP: 36/61 MP: 6/6
  3817 | D:5      | Entered Level 5 of the Dungeon
  3968 | D:5      | Noticed Pikel
  3980 | D:5      | Killed Pikel
  3980 | D:5      | Reached skill level 8 in Axes
  3980 | D:5      | Reached skill level 5 in Armour
  3980 | D:5      | Reached skill level 5 in Dodging
  3980 | D:5      | Reached XP level 8. HP: 60/70 MP: 2/7
  4253 | D:5      | Noticed Edmund
  4265 | D:5      | Killed Edmund
  4816 | D:5      | Reached skill level 9 in Axes
  4896 | D:5      | Noticed Grinder
  4910 | D:5      | Killed Grinder
  5140 | D:6      | Found a staircase to the Ecumenical Temple.
  5254 | D:6      | Reached XP level 9. HP: 77/79 MP: 8/8
  5260 | D:6      | Reached ***** piety under Trog
  5431 | D:6      | Found a white marble altar of Elyvilon.
  5501 | D:6      | Found a glowing silver altar of Zin.
  5559 | D:6      | Reached skill level 10 in Axes
  5964 | D:7      | Found a runed translucent door.
  5965 | D:7      | Noticed Crazy Yiuf
  6140 | D:7      | Found a bloodstained altar of Trog.
  6634 | D:7      | Killed Crazy Yiuf
  6716 | D:8      | Reached skill level 11 in Axes
  7464 | D:9      | Reached XP level 10. HP: 75/90 MP: 6/9
  7636 | D:9      | Found a transporter.
  7636 | D:9      | Found a transporter.
  7642 | D:9      | Found the +0 pair of fencer's gloves {Riposte Dex+3}
  7675 | D:9      | Received a gift from Trog
  7739 | D:9      | Noticed an ogre mage
  7744 | D:9      | Identified the +3 chain mail "Meza" {rElec rC++ Int-5}
  7798 | D:9      | Found a roughly hewn altar of Beogh.
  7904 | D:9      | Reached skill level 12 in Axes
  8062 | D:9      | Found a staircase to the Orcish Mines.
  8091 | D:9      | Found a shimmering altar of Xom.
  8321 | D:9      | Killed an ogre mage
  8507 | D:10     | Entered Level 10 of the Dungeon
  8604 | D:10     | Found a staircase to the Lair.
  9076 | D:11     | Noticed a deep elf mage
  9092 | D:11     | Reached XP level 11. HP: 99/99 MP: 10/10
  9101 | D:11     | Found a gate leading to a gauntlet.
  9109 | Gauntlet | Entered a Gauntlet
  9109 | Gauntlet | Found a transporter.
  9118 | Gauntlet | Found a transporter.
  9133 | Gauntlet | Found a transporter.
  9138 | Gauntlet | Found a transporter.
  9155 | Gauntlet | Found a transporter.
  9172 | Gauntlet | Found a transporter.
  9172 | Gauntlet | Noticed an obsidian statue
  9184 | Gauntlet | Found a transporter.
  9186 | Gauntlet | Noticed a reaper
  9196 | Gauntlet | Found a transporter.
  9198 | Gauntlet | Noticed a reaper
  9208 | Gauntlet | Found a transporter.
  9208 | Gauntlet | Noticed a ghost crab
  9214 | Gauntlet | Found a transporter.
  9214 | Gauntlet | Found a transporter.
  9216 | Gauntlet | Found a transporter.
  9233 | Gauntlet | Found a transporter.
  9233 | Gauntlet | Noticed a cacodemon
  9239 | Gauntlet | Found a transporter.
  9282 | Gauntlet | Found a transporter.
  9283 | Gauntlet | Noticed a tengu warrior
  9309 | Gauntlet | Found a transporter.
  9339 | Gauntlet | Found a transporter.
  9356 | Gauntlet | Noticed a mana viper
  9356 | Gauntlet | a jumping spider changed into a mana viper
  9364 | Gauntlet | a mana viper changed into a moth of wrath
  9419 | Gauntlet | Found a transporter.
  9508 | Gauntlet | Noticed a death drake
  9518 | Gauntlet | Noticed a harpy
  9518 | Gauntlet | a death drake changed into a harpy
  9520 | Gauntlet | Noticed a harpy
  9523 | Gauntlet | a harpy changed into a tarantella
  9531 | Gauntlet | a harpy changed into something unseen
  9587 | Gauntlet | Noticed a death drake
  9598 | Gauntlet | Noticed a fire crab
  9598 | Gauntlet | a death drake changed into a fire crab
  9661 | Gauntlet | Reached skill level 13 in Axes
  9966 | Gauntlet | Noticed an orb spider
  9994 | Gauntlet | Reached skill level 10 in Fighting
 10049 | Gauntlet | Received a gift from Trog
 10057 | Gauntlet | HP: 4/99 [reaper/+3 scythe of pain (4)]
 10060 | Gauntlet | Demolished by a reaper

Illustrated notes

Levels and vault maps discovered:
D:1:      dpeg_arrival_rhombus, layout_rooms
D:2:      layout_basic, overflow_temple_1_default, uniq_robin
D:3:      layout_basic, old_standard_altar, grunt_decor_clamped
D:4:      layout_basic, lemuel_crystal_altar
D:5:      minmay_razor_zed, layout_loops_ring, uniq_pikel, uniq_grinder,
          uniq_edmund
D:6:      layout_basic, zin_treasury, lemuel_round_altar,
          minmay_temple_entry_trees
D:7:      layout_basic, trog_ov_bears_minmay, dk_rats_in_the_wall,
          uniq_crazy_yiuf_cottage
D:8:      layout_cave_pods
D:9:      gammafunk_beogh_shrine, layout_rooms, kennysheep_little_box
D:10:     layout_rooms, due_lair_maze_entry_diamond
D:11:     layout_loops_ring, serial_shops, shop, gauntlet_entry_generic,
          kennysheep_generic_room_12, uniq_sonja
Gauntlet: gammafunk_gauntlet_one_two_three [gammafunk_gauntlet_arena_teeth,
          nicolae_gauntlet_arena_flowing_pool, nicolae_gauntlet_arena_t_cross,
          gammafunk_gauntlet_arena_hedges, gammafunk_gauntlet_arena_open,
          gammafunk_gauntlet_arena_arrow_garden, gammafunk_gauntlet_arena_mazey,
          gammafunk_gauntlet_arena_split_diamond, nicolae_gauntlet_arena_blocks,
          gauntlet_exit_spiral]

Skill      XL: |  1  2  3  4  5  6  7  8  9 10 11 |
---------------+----------------------------------+-----
Axes           | 4 5 6 8 9 11 12 13 | 13.2
Fighting       | 4 5 6 7 8 9 10 | 10.0
Armour         | 3 4 5 6 8 9 |  9.5
Dodging        | 3 4 5 6 7 8 |  8.9

Action                   |  1- 3 |  4- 6 |  7- 9 | 10-12 || total
-------------------------+-------+-------+-------+-------++-------
Melee: Hand axe          |    82 |   119 |    79 |       ||   280
       Headbutt          |    11 |    19 |    70 |    37 ||   137
       War axe           |       |    16 |   219 |    19 ||   254
       Battleaxe         |       |       |       |   140 ||   140
Invok: Berserk           |       |     4 |     5 |     3 ||    12
  Use: Scroll            |       |     3 |    10 |     2 ||    15
       Potion            |       |       |       |     1 ||     1
 Stab: Invisible         |       |       |     1 |       ||     1
Armor: Ring mail         |    29 |    24 |       |       ||    53
       Animal skin       |     1 |       |       |       ||     1
       Chain mail        |       |    54 |   132 |    77 ||   263
Dodge: Dodged            |    61 |    67 |   171 |   107 ||   406
       Repelled          |       |       |     4 |     1 ||     5
       Rpst.: Battleaxe  |       |       |       |    13 ||    13

Table legend: (Time is in decaauts)
 A = Elapsed time spent in this place.
 B = Non-inter-level travel time spent in this place.
 C = Inter-level travel time spent in this place.
 D = Time resting spent in this place.
 E = Time spent auto-exploring this place.
 F = Levels seen in this place.
 G = Mean time per level.
                   A        B        C        D        E       F      G
               +--------+--------+--------+--------+--------+-----+--------+
         Total |  10188 |   9922 |    266 |    764 |   7231 |  12 |  849.0 |
       Dungeon |   9225 |   8959 |    266 |    512 |   6888 |  11 |  838.6 |
      Gauntlet |    962 |    962 |      0 |    251 |    343 |   1 |  962.0 |
               +--------+--------+--------+--------+--------+-----+--------+

Top non-repeatable levels by time:
     D:5: 1343 daAuts
     D:4: 1190 daAuts
     D:2: 1072 daAuts
     D:9: 994 daAuts
Gauntlet: 962 daAuts
     D:3: 939 daAuts
     D:7: 933 daAuts
     D:8: 821 daAuts
     D:1: 686 daAuts
     D:6: 642 daAuts
    D:10: 557 daAuts
    D:11: 46 daAuts
